 Dungeon Crawl Stone Soup version 0.22-a0-467-g5c5de1c (webtiles) character file.

178 Laiders72 the Cudgeler (level 5, -2/33 HPs)
             Began as a Tengu Berserker on June 10, 2018.
             Was a Believer of Trog.
             Killed by divine providence
             ... invoked by an orc priest
              (17 damage)
             ... on level 4 of the Dungeon.
             The game lasted 00:06:30 (2985 turns).

Laiders72 the Cudgeler (Tengu Berserker)            Turns: 2985, Time: 00:06:31

Health: -2/33      AC: 12    Str: 17    XL:     5   Next: 58%
Magic:  6/6        EV:  6    Int:  8    God:    Trog [**....]
Gold:   208        SH:  0    Dex: 14    Spells: 4/4 levels left

rFire    . . .     SeeInvis .   a - +0 mace
rCold    . . .     Gourm    .   (no shield)
rNeg     . . .     Faith    .   q - +0 plate armour
rPois    .         Spirit   .   (helmet restricted)
rElec    .         Reflect  .   (no cloak)
rCorr    +         Harm     .   l - +0 pair of gloves
MR       .....                  (boots unavailable)
Stlth    ..........             (no amulet)
HPRegen  0.11/turn              f - ring of resist corrosion
MPRegen  0.10/turn              (no ring)

@: no status effects
A: beak, talons 3, able to fly 1
a: Fly, Berserk, Trog's Hand, Renounce Religion


You were on level 4 of the Dungeon.
You worshipped Trog.
Trog was pleased with you.
You were not hungry.

You visited 1 branch of the dungeon, and saw 4 of its levels.

You collected 208 gold pieces.

Inventory:

Hand Weapons
 a - a +0 mace (weapon)
Armour
 l - a +0 pair of gloves (worn)
 q - a +0 plate armour (worn)
Jewellery
 f - a ring of resist corrosion (left hand)
Wands
 r - a wand of digging (12)
Scrolls
 e - a scroll of enchant weapon {unknown}
 g - a scroll of blinking
 i - a scroll of remove curse
 j - a scroll of identify
 k - a scroll of fog {unknown}
 m - a scroll of teleportation {unknown}
Potions
 b - 2 potions of invisibility
 d - 2 potions of curing {unknown}
 h - 3 potions of haste
 n - a potion of berserk rage {unknown}
 o - a potion of might {unknown}
 p - a potion of mutation {unknown}
Comestibles
 c - 6 rations


   Skills:
 + Level 4.0 Fighting
 + Level 4.3 Maces & Flails
 + Level 3.5 Armour
 + Level 3.5 Dodging


You had 4 spell levels left.
You didn't know any spells.
Your spell library was empty.

Dungeon Overview and Level Annotations

Branches:
Dungeon (4/15)             Temple (0/1) D:4

Altars:
Makhleb
Yredelemnul


Innate Abilities, Weirdness & Mutations

You have a beak for a mouth.
You have claws for feet.
You can fly.


Message History

a club; a golden potion; a scroll of remove curse; 12 gold pieces a leopard gecko corpse The orc priest hits you but does no damage.
You closely miss the orc priest. Your kick misses the orc priest.
Your peck misses the orc priest.
An orc wizard comes into view. It is wielding a dagger.
The orc priest calls down the wrath of Beogh upon you.
Beogh smites you!
You hit the orc priest. Your kick misses the orc priest.
Your peck misses the orc priest.
The orc priest is moderately wounded.
The orc wizard mumbles some strange words.
The orc wizard seems to speed up.
The orc priest hits you but does no damage.
You barely miss the orc priest.
The orc priest is moderately wounded.
The orc priest invokes the aid of Beogh against you.
Beogh smites you!
Ouch! That really hurt!
You die...

........................
..#.##.##.....########.
#. #.##.#...# #.....
####.##.##.###†# #.###.
..#.......##.# #.# #.#
## .......o.....# #.#
#.# ..o8.o....#### #†#
#.# ...>.####o# #.# #.#
...8. #@# #.# #.# ....
#.# #.####.### ... #.#
#.##.....# ... #.#
#.##.##### #.# #.##.#
#.# #.##.# #.# #....#
#.# ###### #.#


You could see an orc priest and an orc wizard.

Vanquished Creatures
  A centaur skeleton (D:4)
  A hound (D:4)
  An iguana (D:4)
  2 adders (D:4)
  A worm (D:3)
  A dart slug (D:3)
  2 leopard geckos
  3 orcs
  6 giant cockroaches
  5 goblins
  4 hobgoblins
  8 jackals
  9 bats
  6 frilled lizards
  9 kobolds
  8 rats
  A spectral orc (D:3)
68 creatures vanquished.

Notes
Turn   | Place    | Note
-------+----------+-------------------------------------------
     0 | D:1      | Laiders72 the Tengu Berserker began the quest for the Orb.
     0 | D:1      | Reached XP level 1. HP: 14/14 MP: 2/2
   163 | D:1      | Reached XP level 2. HP: 3/19 MP: 3/3
  1089 | D:2      | Reached XP level 3. HP: 23/23 MP: 4/4
  1327 | D:2      | Found a burning altar of Makhleb.
  1387 | D:2      | Reached ** piety under Trog
  2206 | D:3      | Reached XP level 4. HP: 28/28 MP: 5/5
  2311 | D:3      | Found a basalt altar of Yredelemnul.
  2898 | D:4      | Gained mutation: You can fly. [Tengu growth]
  2898 | D:4      | Reached XP level 5. HP: 33/33 MP: 6/6
  2922 | D:4      | Found a staircase to the Ecumenical Temple.
  2985 | D:4      | Killed from afar by an orc priest

Vault maps used:
D:1:      minmay_arrival_doors
D:2:      lemuel_coloured_pillars_altar
D:3:      yredelemnul_forgotten_temple_becter
D:4:      temple_statues, first_ration, uniq_eustachio

Skill      XL: |  1  2  3  4  5 |
---------------+----------------+-----
Armour         | 3 |  3.5
Dodging        | 3 |  3.5
Maces & Flails | 4 |  4.3
Fighting       | 4 |  4.0

Action                   |  1- 3 |  4- 6 || total
-------------------------+-------+-------++-------
Melee: Mace              |    95 |    54 ||   149
       Kick              |    18 |    12 ||    30
       Peck              |    14 |    13 ||    27
Throw: Throwing net      |       |     1 ||     1
Invok: Berserk           |     1 |     1 ||     2
  Use: Scroll            |       |     4 ||     4
 Stab: Sleeping          |     2 |       ||     2
       Held in net/web   |       |     1 ||     1
  Eat: Chunk             |     5 |     3 ||     8
Armor: Animal skin       |    13 |       ||    13
       Leather armour    |    26 |       ||    26
       Plate armour      |    13 |    34 ||    47
Dodge: Dodged            |    95 |    15 ||   110

Table legend:
 A = Spawn XP
 B = Non-spawn XP
 C = Spawn XP percentage of total XP
 D = Spawn monster count
 E = Non-spawn monster count
 F = Spawn count percentage of total count
 G = Total turns spent on level
                    A         B        C        D         E        F      G
               +---------+---------+-------+---------+---------+-------+---------
         Total |       0 |     255 |   0.0 |       0 |      68 |   0.0 |  2985
               +---------+---------+-------+---------+---------+-------+---------
           D:1 |       0 |      23 |   0.0 |       0 |      17 |   0.0 |   952
           D:2 |       0 |      29 |   0.0 |       0 |      17 |   0.0 |   746
           D:3 |       0 |      46 |   0.0 |       0 |      23 |   0.0 |   915
           D:4 |       0 |     157 |   0.0 |       0 |      11 |   0.0 |   372
               +---------+---------+-------+---------+---------+-------+---------
